 Dungeon Crawl Stone Soup version 0.24.0-37-gcf1ca852f1 (webtiles) character file.

Game seed: 2711687104847909097, levelgen mode: deterministic

1372 Delamore the Cleaver (level 8, 0/64 HPs)
             Began as a Hill Orc Fighter on Nov 30, 2019.
             Was a Follower of Okawaru.
             Slain by a basilisk (4 damage)
             ... on level 8 of the Dungeon.
             The game lasted 00:07:31 (5769 turns).

Delamore the Cleaver (Hill Orc Fighter)             Turns: 5769, Time: 00:07:32

Health: 0/64       AC:  6    Str: 21    XL:     8   Next: 66%
Magic:  8/8        EV:  7    Int:  8    God:    Okawaru [*.....]
Gold:   250        SH:  9    Dex: 10    Spells: 7/7 levels left

rFire    + . .     SeeInvis .   a - +0 war axe
rCold    + . .     Gourm    .   c - +0 shield
rNeg     . . .     Faith    .   b - +0 scale mail
rPois    .         Spirit   .   (no helmet)
rElec    .         Reflect  .   A - scarf {rC+ rF+}
rCorr    .         Harm     .   (no gloves)
MR       +....                  (no boots)
Stlth    ..........             n - amulet of rage
HPRegen  0.20/turn              y - ring of protection from magic
MPRegen  0.11/turn              (no ring)

@: no status effects
A: no striking features
a: Heroism, Renounce Religion, Evoke Berserk Rage


You were on level 8 of the Dungeon.
You worshipped Okawaru.
Okawaru was aware of your devotion.
You were not hungry.

You visited 2 branches of the dungeon, and saw 8 of its levels.

You collected 250 gold pieces.

Inventory:

Hand Weapons
 a - a +0 war axe (weapon)
Missiles
 h - 60 poisoned darts (quivered)
Armour
 b - a +0 scale mail (worn)
 c - a +0 shield (worn)
 A - a scarf of resistance (worn)
Jewellery
 n - an amulet of rage (around neck)
 y - a ring of protection from magic (left hand)
 C - an uncursed amulet of magic regeneration
Wands
 D - a wand of polymorph (1)
Scrolls
 e - 5 scrolls of identify {unknown}
 g - a scroll of amnesia {unknown}
 j - 2 scrolls of fog {unknown}
 k - a scroll of fear {unknown}
 l - a scroll of teleportation {unknown}
 m - 2 scrolls of immolation {unknown}
 o - 2 scrolls of blinking {unknown}
 p - 3 scrolls of remove curse {unknown}
 q - a scroll of magic mapping {unknown}
 v - a scroll of enchant weapon {unknown}
 w - 2 scrolls of noise {unknown}
 B - a scroll of enchant armour {unknown}
Potions
 d - 4 potions of might
 i - 4 potions of curing {unknown}
 r - 2 potions of degeneration {unknown}
 s - 2 potions of flight {unknown}
 t - a potion of haste {unknown}
 u - a potion of ambrosia {unknown}
 x - a potion of heal wounds {unknown}
 z - a potion of agility
Comestibles
 f - 12 rations


   Skills:
 - Level 3.6 Fighting
 + Level 13.2 Axes
 - Level 3.2 Armour
 - Level 3.2 Shields


You had 7 spell levels left.
You didn't know any spells.
Your spell library contained the following spells:

 Spells                   Type           Power        Failure   Level  Hunger
 Corona                   Hex            #......      99%         1    ##.....
 Ensorcelled Hibernation  Hex/Ice        #.....       100%        2    ###....
 Confuse                  Hex            #.......     100%        3    ####...
 Dazzling Spray           Conj/Hex       #.....       100%        3    ####...
 Tukima's Dance           Hex            #.......     100%        3    ####...


Dungeon Overview and Level Annotations

Branches:
Dungeon (6/15)             Temple (1/1) D:4

Altars:
Ashenzari
Cheibriados
Dithmenos
Elyvilon
Fedhas
Gozag
Hepliaklqana
Kikubaaqudgha
Makhleb
Nemelex Xobeh
Okawaru
Ru
Sif Muna
Trog
Uskayaw
Xom
Yredelemnul
Zin
The Shining One

Shops:
D:4 (


Message History

The basilisk is severely wounded.
The basilisk bites you!
You hit the basilisk.
The basilisk is severely wounded.
The basilisk gazes at you. You resist with almost no effort.
You closely miss the basilisk.
The basilisk is severely wounded.
The basilisk bites you!
* * * LOW HITPOINT WARNING * * *
That item cannot be evoked!
Evoke which item? (* to show all) (? for menu, Esc to quit)
Okay, then.
You hit the basilisk but do no damage.
The basilisk is severely wounded.
The basilisk bites you but does no damage.
You hit the basilisk.
The basilisk is almost dead.
The basilisk bites you.
You die...

##### ### .. ...+
...# #.#
.......####.####.#
.. .>..........†.#
..##..#####.####@#
...Y..# #.# #l#
......### #.####.#
........###).....#
..........)......#
.##.............##
.........########
.........#
.[.....#.#


You could see a basilisk.

Vanquished Creatures
  Grinder (D:4)
  Menkaure (D:5)
  A porcupine (D:8)
  Duvessa (D:4)
  A sky beast (D:6)
  A centaur (D:6)
  Blork the orc (D:4)
  A bullfrog (D:6)
  Dowan (D:4)
  2 howler monkeys
  2 hounds
  2 orc priests
  An orc wizard (D:8)
  A bullfrog skeleton (D:4)
  A centaur skeleton (D:5)
  Ijyb (D:4)
  6 adders
  A shadow imp (D:5)
  5 worms
  6 dart slugs
  18 orcs
  8 giant cockroaches
  7 goblins
  9 hobgoblins
  8 jackals (D:1)
  8 kobolds
  3 quokkas
  3 ball pythons
  4 bats
  4 frilled lizards
  A quokka skeleton (D:5)
  8 rats
  A spectral orc (D:4)
119 creatures vanquished.

Vanquished Creatures (others)
  A fungus (D:8)
1 creature vanquished.

Grand Total: 120 creatures vanquished

Notes
Turn   | Place    | Note
-------+----------+-------------------------------------------
     0 | D:1      | Delamore the Hill Orc Fighter began the quest for the Orb.
     0 | D:1      | Reached XP level 1. HP: 19/19 MP: 1/1
    59 | D:1      | Reached skill level 3 in Axes
    90 | D:1      | Reached XP level 2. HP: 17/26 MP: 2/2
   178 | D:1      | Reached skill level 4 in Axes
   244 | D:1      | Reached XP level 3. HP: 26/31 MP: 3/3
   404 | D:1      | Reached skill level 5 in Axes
   557 | D:2      | Reached XP level 4. HP: 38/39 MP: 4/4
   755 | D:2      | Reached skill level 6 in Axes
   854 | D:2      | Found a faded altar of an unknown god.
  1277 | D:3      | Found a blossoming altar of Fedhas.
  1602 | D:3      | Reached XP level 5. HP: 34/45 MP: 5/5
  2015 | D:4      | Noticed Blork the orc
  2030 | D:4      | Killed Blork the orc
  2030 | D:4      | Reached skill level 7 in Axes
  2247 | D:4      | Reached skill level 8 in Axes
  2247 | D:4      | Reached XP level 6. HP: 41/51 MP: 6/6
  2337 | D:4      | Noticed Dowan
  2339 | D:4      | Noticed Duvessa
  2352 | D:4      | Killed Duvessa
  2358 | D:4      | Killed Dowan
  2358 | D:4      | Reached skill level 9 in Axes
  2531 | D:4      | Found a staircase to the Ecumenical Temple.
  2643 | Temple   | Entered the Ecumenical Temple
  2941 | Temple   | Became a worshipper of Warmaster Okawaru
  3119 | D:4      | Reached XP level 7. HP: 53/57 MP: 7/7
  3121 | D:4      | Noticed Grinder
  3122 | D:4      | Noticed Ijyb
  3297 | D:4      | Killed Ijyb
  3305 | D:4      | Paralysed by Grinder for 7 turns
  3537 | D:4      | Killed Grinder
  3537 | D:4      | Reached skill level 10 in Axes
  3651 | D:4      | Found a basalt altar of Yredelemnul.
  3686 | D:4      | Found Sineqoiq's Weapon Shoppe.
  4015 | D:5      | Entered Level 5 of the Dungeon
  4043 | D:5      | Reached skill level 11 in Axes
  4231 | D:5      | Noticed a moth of wrath
  4263 | D:5      | Found a bloodstained altar of Trog.
  4631 | D:5      | Noticed Menkaure
  4649 | D:5      | Killed Menkaure
  4649 | D:5      | Reached XP level 8. HP: 53/64 MP: 8/8
  4947 | D:5      | Reached * piety under Okawaru
  5221 | D:6      | Reached skill level 12 in Axes
  5574 | D:6      | You fall into a shaft and drop 2 floors!
  5593 | D:8      | Reached skill level 13 in Axes
  5598 | D:8      | Noticed a yak
  5767 | D:8      | HP: 3/64 [basilisk (17)]
  5769 | D:8      | Slain by a basilisk

Levels and vault maps discovered:
D:1:      matt_arrival_diagonals, layout_basic
D:2:      layout_loops_ring, chequers_ecumenical_altar_twisty,
          kennysheep_generic_room_11
D:3:      layout_rooms, first_ration, fountainhead, fedhas_altar_1
D:4:      layout_loops_ring, yredelemnul_forgotten_temple_becter,
          minmay_temple_entry_tees, serial_shops, kennysheep_little_box,
          hangedman_decor_riveting, minmay_box_of_dots, uniq_grinder,
          uniq_blork_the_orc, uniq_ijyb, uniq_duvessa
D:5:      layout_loops_ring, tgw_trog, uniq_menkaure
D:6:      layout_gridville, nicolae_alphabet_shops, uniq_sigmund
D:8:      layout_basic, lemuel_round_altar, minmay_lair_entry_grove, basic_altar
Temple:   minmay_temple_bridge_d

Skill      XL: |  1  2  3  4  5  6  7  8 |
---------------+-------------------------+-----
Axes           | 3 4 5 6 8 9 11 13 | 13.2
Fighting       | |  3.6
Armour         | |  3.2
Shields        | |  3.2

Action                   |  1- 3 |  4- 6 |  7- 9 || total
-------------------------+-------+-------+-------++-------
Melee: War axe           |   106 |   155 |   182 ||   443
       Unarmed           |       |       |     9 ||     9
Throw: Dart              |       |       |     2 ||     2
  Eat: Chunk             |       |     7 |     9 ||    16
Armor: Scale mail        |    57 |    42 |    45 ||   144
       Skin              |       |       |     4 ||     4
Dodge: Dodged            |    42 |    36 |    47 ||   125
Block: Shield            |    57 |    78 |    57 ||   192
